 Dungeon Crawl Stone Soup version 0.28-a0-726-g4a9143789a (webtiles) character file.

Game seed: 12646483089557844777

211 bande the Covered (level 5, -2/33 HPs)
             Began as a Gargoyle Fighter on Oct 27, 2021.
             Killed from afar by Natasha (11 damage)
             ... with a magic dart
             ... on level 2 of the Dungeon.
             The game lasted 00:03:50 (2024 turns).

bande the Covered (Gargoyle Fighter)                Turns: 2024, Time: 00:03:51

Health: -2/33      AC: 11    Str: 21    XL:     5   Next: 88%
Magic:  5/5        EV:  9    Int:  8    God:
Gold:   101        SH:  4    Dex:  9    Spells: 4/4 levels left

rFire   . . .      SeeInvis .   a - +0 war axe
rCold   . . .      Faith    .   c - +0 buckler
rNeg    + . .      Spirit   .   b - +0 scale mail
rPois   ∞          Reflect  .   (no helmet)
rElec   +          Harm     .   (no cloak)
rCorr   .          Rampage  .   (no gloves)
Will    .....                   (no boots)
Stlth   ..........              (no amulet)
HPRegen 0.11/turn               (no ring)
MPRegen 0.09/turn               (no ring)

@: no status effects
A: sickness immunity, AC +4, negative energy resistance 1, electricity
resistance, torment resistance 1, petrification resistance
a: no special abilities


You were on level 2 of the Dungeon.
You visited 1 branch of the dungeon, and saw 2 of its levels.

You collected 101 gold pieces.

Inventory:

Hand Weapons
 a - a +0 war axe (weapon)
Armour
 b - a +0 scale mail (worn)
 c - a +0 buckler (worn)
Jewellery
 e - a +6 ring of intelligence
Scrolls
 f - a scroll of noise {unknown}
 g - 2 scrolls of teleportation {unknown}
Potions
 h - a potion of magic {unknown}
 i - a potion of heal wounds {unknown}
 j - a potion of haste {unknown}


   Skills:
 + Level 4.2 Fighting
 + Level 3.8 Axes
 + Level 4.4 Armour
 + Level 3.9 Shields


You had 4 spell levels left.
You didn't know any spells.
Your spell library was empty.

Dungeon Overview and Level Annotations

Branches:
Dungeon (2/15)

Altars:

Annotations:
D:2 Natasha


Innate Abilities, Weirdness & Mutations

You are immune to sickness and miasma.
Your stone body is resilient. (AC +4)
You are immune to poison.
You resist negative energy. (rN+)
You are resistant to electric shocks. (rElec)
You are resistant to unholy torment.
You are immune to petrification.


Message History

Natasha is heavily wounded.
Natasha claws you.
You hit Natasha.
Natasha is almost dead.
Natasha closely misses you.
Your scale mail prevents you from hitting Natasha.
Natasha is almost dead.
Natasha barely misses you. Natasha claws you.
You are too injured to fight recklessly!
You are too injured to fight recklessly!
You are too injured to fight recklessly!
You are too injured to fight recklessly!
You hit Natasha but do no damage.
Natasha is almost dead.
Natasha claws you but does no damage.
You barely miss Natasha.
Natasha is almost dead.
Natasha claws you but does no damage.
You closely miss Natasha.
Natasha is almost dead.
Natasha mumbles some strange words.
You block Natasha's attack.
You barely miss Natasha.
Natasha is almost dead.
Natasha closely misses you.
You closely miss Natasha.
Natasha is almost dead.
You hit the iron imp but do no damage.
Natasha stares at you and mumbles some strange words.
The magic dart hits you.
The iron imp hits you but does no damage.
You hit Natasha.
Natasha is almost dead.
You hit the iron imp but do no damage.
Natasha mumbles some strange words.
The iron imp hits you.
* * * LOW HITPOINT WARNING * * *
Natasha casts a spell at you. The magic dart hits you!
You die...

...##...###.### #.[.......##...##
##.##...###.# #...#####.#......
#.#.....##.# #...# #.#..#...
##.#.)...##<# #...# #........
#...÷.......# #...# ####......
..#####.#.#######...####.......).
..# #...#.........5....>....#..##
..# #.#####.....5................
..# #...#.......@h..........#....
..#####.#.#####.#...#.##.##.#..##
#.........# #.#...#.##.........
#####.##### #)#...#.####.#.....
#.# ####.#...#.###.#...#.. #.#
#....#........###..... ### #.#
####.##.......###.#..>#.# #.###.#
#...........### #..#..... .#.##.#
#.≈P≈≈≈≈⌠⌠.#### #..##.#..


You could see an iron imp (summoned), Natasha and a white imp (summoned).

Vanquished Creatures
  Sigmund (D:2)
  Natasha (D:2)
  6 ball pythons
  6 endoplasms
  3 giant cockroaches (D:2)
  5 hobgoblins
  4 jackals (D:1)
  3 bats
  3 goblins
  5 kobolds
37 creatures vanquished.

Vanquished Creatures (others)
  2 plants (D:2)
2 creatures vanquished.

Grand Total: 39 creatures vanquished

Notes
Turn   | Place    | Note
-------+----------+-------------------------------------------
     0 | D:1      | bande the Gargoyle Fighter began the quest for the Orb.
     0 | D:1      | Reached XP level 1. HP: 14/14 MP: 1/1
   137 | D:1      | Reached XP level 2. HP: 10/19 MP: 2/2
  1149 | D:2      | Reached XP level 3. HP: 24/24 MP: 3/3
  1190 | D:2      | Noticed Sigmund
  1270 | D:2      | Killed Sigmund
  1271 | D:2      | Reached XP level 4. HP: 3/29 MP: 4/4
  1271 | D:2      | Reached XP level 5. HP: 4/33 MP: 5/5
  1907 | D:2      | Noticed Natasha
  1920 | D:2      | Killed Natasha
  2005 | D:2      | Noticed Natasha
  2024 | D:2      | Killed from afar by Natasha

Illustrated notes

Levels and vault maps discovered:
D:1:      dpeg_arrival_snail, layout_loops_ring
D:2:      layout_loops_cross, shapermc_ecumenical_altar_acropolis,
          minmay_unequal, uniq_natasha, uniq_sigmund

Skill      XL: |  1  2  3 |
---------------+----------+-----
Axes           | 2 3 |  3.8
Fighting       | 4 |  4.2
Armour         | 4 |  4.4
Shields        | |  3.9

Action                   |  1- 3 |  4- 6 || total
-------------------------+-------+-------++-------
Melee: War axe           |    82 |    76 ||   158
  Use: Potion            |     1 |       ||     1
Armor: Scale mail        |    44 |    48 ||    92
Dodge: Dodged            |    44 |    20 ||    64
Block: Buckler           |    19 |    15 ||    34

Table legend: (Time is in decaauts)
 A = Elapsed time spent in this place.
 B = Non-inter-level travel time spent in this place.
 C = Inter-level travel time spent in this place.
 D = Time resting spent in this place.
 E = Time spent auto-exploring this place.
 F = Levels seen in this place.
 G = Mean time per level.
                   A        B        C        D        E       F      G
               +--------+--------+--------+--------+--------+-----+--------+
         Total |   2086 |   2058 |     28 |    451 |   1148 |   2 | 1043.0 |
       Dungeon |   2086 |   2058 |     28 |    451 |   1148 |   2 | 1043.0 |
               +--------+--------+--------+--------+--------+-----+--------+

Top non-repeatable levels by time:
     D:1: 1401 daAuts
     D:2: 684 daAuts
